 Dungeon Crawl Stone Soup version 0.32-a0-799-g95e1662365 (webtiles) character file.

Game seed: 2863374293245804196

231 ezpacito the Chopper (level 6, -3/72 HPs)
             Began as a Coglin Chaos Knight on Mar 21, 2024.
             Was a Plaything of Xom.
             Incinerated by a bombardier beetle (4 damage)
             ... with a burning spray
             ... on level 4 of the Dungeon.
             The game lasted 00:03:45 (2756 turns).

ezpacito the Chopper (Coglin Chaos Knight)          Turns: 2756, Time: 00:03:45

Health: -3/72      AC: 23    Str: 14 (15) XL:     6   Next: 4%
Magic:  7/7        EV:  2    Int:  8 (11) God:    Xom [*.....]
Gold:   177        SH:  0    Dex: 12 (13) Spells: 7/7 levels left

rFire   . . .        a - +0 hand axe (chaos) {Yadidatum}
rCold   . . .        q - +0 spear {Khenut}
rNeg    . . .        b - melded +2 leather armour
rPois   +            (helmet currently unavailable)
rElec   .            (cloak currently unavailable)
rCorr   .            (gloves currently unavailable)
SInv    .            (boots currently unavailable)
Will    .....        (no amulet)
Stlth   +            (no ring)
HPRegen 0.32/turn    (no ring)
MPRegen 0.10/turn    (no gizmo)

%: no passive effects
@: on fire, tree-form, attractive, glowing, revved
A: stationary, stasis, torment immunity, boosted hp, off-hand wielding, slow
wielding, warmup strikes, (no jewellery), (horns 1)
a: Invent Gizmo, Renounce Religion


You were on level 4 of the Dungeon.
You worshipped Xom.
You were a special plaything of Xom.
You were a tree.
You visited 1 branch of the dungeon, and saw 4 of its levels.

You collected 177 gold pieces.

Inventory:

Hand Weapons
 a - a +0 hand axe of chaos (weapon) {Yadidatum}
 q - a +0 spear (offhand) {Khenut}
Missiles
 k - 8 javelins (quivered)
Armour
 b - a +2 leather armour (melded)
Wands
 n - a wand of flame (9)
Scrolls
 g - 2 scrolls of identify {unknown}
 i - 4 scrolls of teleportation {unknown}
 j - a scroll of immolation {unknown}
 l - a scroll of poison {unknown}
 m - a scroll of enchant weapon {unknown}
 p - a scroll of amnesia {unknown}
 r - a scroll of fear {unknown}
 s - a scroll of silence {unknown}
Potions
 e - a potion of lignification


   Skills:
 * Level 3.8 Fighting
 * Level 3.8(3.9) Axes
 + Level 1.2(2.5) Polearms
 * Level 2.6 Armour
 * Level 2.1 Dodging
 + Level 1.3 Stealth
 + Level 1.0 Spellcasting
 + Level 1.8 Evocations


You had 7 spell levels left.
You didn't know any spells.
Your spell library contained the following spells:

 Spells                   Type           Power      Damage    Failure   Level
 Stone Arrow              Conj/Erth      0%         3d7       75%         3
 Animate Armour           Summ/Erth      0%         N/A       98%         4
 Sculpt Simulacrum        Ice/Alch       0%         N/A       100%        6
 Ozocubu's Refrigeration  Ice            0%         4d7       100%        7
 Lehudib's Crystal Spear  Conj/Erth      0%         10d2      100%        8
 Polar Vortex             Ice            0%         N/A       100%        9


Dungeon Overview and Level Annotations

Branches:
Dungeon (4/15)
 Temple: D:4-7

Altars:
Qazlal

Annotations:
D:4 3 runed translucent doors, CrossHare's ghost, amateur GnWn; Rudyous's ghost, amateur DrAl; hgbash's ghost, amateur OpCj; mitya21's ghost, amateur DsSh


Innate Abilities, Weirdness & Mutations

You are a tree.
Your roots penetrate the ground, keeping you stationary.
You cannot be teleported.
You are immune to unholy pain and torment.
Your maximum health is greatly increased.
Your equipment is partially melded.
You can wield a second weapon in your off-hand.
It takes a long time for you to wield or remove held weapons.
Your first few attacks do less damage.
((You cannot equip rings or amulets.))
((You have a pair of small horns on your head.))


Message History

The bombardier beetle seems to speed up.
The liquid fire burns you!
* * * LOW HITPOINT WARNING * * *
Hgbash's ghost says very slowly, "There's no hope."
Rudyous's ghost screams, "What do you have that I didn't have?"
The bombardier beetle bites you but does no damage.
You take 4 damage, and have 14/72 hp.
You hit the bombardier beetle but do no damage.
The bombardier beetle is heavily wounded.
You hit the bombardier beetle with your +0 spear.
The liquid fire burns you!
* * * LOW HITPOINT WARNING * * *
Your enlightenment fades.
The bombardier beetle sprays incendiary fluid at you.
The burning spray hits you.
You are even more covered in liquid fire!
You take 4 damage, and have 10/72 hp.
You barely miss the bombardier beetle with your +0 hand axe of chaos.
The bombardier beetle is heavily wounded.
You hit the bombardier beetle with your +0 spear.
The liquid fire burns you!
* * * LOW HITPOINT WARNING * * *
CrossHare's ghost screams, "You will never get the ORB!"
CrossHare's ghost shrieks, "There is no future for me!"
The bombardier beetle bites you but does no damage.
You take 4 damage, and have 6/72 hp.
You hit the bombardier beetle but do no damage.
The bombardier beetle is heavily wounded.
You hit the bombardier beetle with your +0 hand axe of chaos.
The bombardier beetle convulses.
The liquid fire burns you!
* * * LOW HITPOINT WARNING * * *
Hgbash's ghost keens inconsolably.
The bombardier beetle bites you but does no damage.
You take 5 damage, and have 1/72 hp.
You hit the bombardier beetle with your +0 spear.
The bombardier beetle is almost dead.
You barely miss the bombardier beetle with your +0 hand axe of chaos.
The liquid fire burns you!
You die...

#.#.......[.......#
#...##....>.......#
#..............##
#####.......#####
..#.?.#.......##)ß
....⌠..........#..
..#$..#........#W.
#####........+W..
#.....♣....+W..
.........B#..+W..
#....#........#W.
##........)...#?.
#............#)ß
.............# #
.............
.............#


You could see a bombardier beetle (fast), 2 ghosts called CrossHare, Rudyous's
ghost, hgbash's ghost and mitya21's ghost.

Vanquished Creatures
  A scorpion (D:4)
  An iguana (D:4)
  3 gnolls (D:3)
  2 adders (D:2)
  2 dart slugs
  A ribbon worm (D:2)
  10 bats
  10 endoplasms
  3 giant cockroaches
  7 goblins
  3 hobgoblins
  7 jackals (D:1)
  7 quokkas
  9 ball pythons
  A frilled lizard (D:1)
  7 kobolds
  9 rats
83 creatures vanquished.

Notes
Turn   | Place    | Note
-------+----------+-------------------------------------------
     0 | D:1      | ezpacito the Coglin Chaos Knight began the quest for the
                  | Orb.
     0 | D:1      | Reached XP level 1. HP: 18/18 MP: 1/1
     9 | D:1      | Noticed an elf
    15 | D:1      | Noticed a tengu
    19 | D:1      | Noticed a minotaur
    30 | D:1      | Reached skill level 1 in Dodging
    65 | D:1      | Reached XP level 2. HP: 24/24 MP: 2/2
   356 | D:1      | Reached XP level 3. HP: 26/29 MP: 3/3
   900 | D:2      | Found a stormy altar of Qazlal.
   941 | D:2      | Reached XP level 4. HP: 31/35 MP: 4/4
  1221 | D:2      | Reached skill level 1 in Evocations
  1618 | D:3      | Reached skill level 1 in Stealth
  1639 | D:3      | Found a faded altar of an unknown god.
  1651 | D:3      | Reached skill level 1 in Polearms
  1653 | D:3      | Reached XP level 5. HP: 15/41 MP: 4/6
  1962 | D:3      | XOM: silly message
  2170 | D:3      | XOM: silly message
  2300 | D:3      | XOM: cloud trail
  2666 | D:3      | Identified the ring "Duhamut" {^Drain Dex+6 Slay+3 Stlth+}
  2719 | D:4      | XOM: enchant monster (good)
  2723 | D:4      | Reached skill level 1 in Spellcasting
  2723 | D:4      | Reached XP level 6. HP: 48/48 MP: 7/7
  2730 | D:4      | Found a runed translucent gate.
  2730 | D:4      | Found a runed translucent gate.
  2730 | D:4      | Found a runed translucent gate.
  2743 | D:4      | Noticed Rudyous's ghost (amateur DrAl)
  2743 | D:4      | Noticed CrossHare's ghost (amateur GnWn)
  2744 | D:4      | Noticed mitya21's ghost (amateur DsSh)
  2744 | D:4      | Noticed CrossHare's ghost (amateur GnWn)
  2746 | D:4      | Noticed hgbash's ghost (amateur OpCj)
  2749 | D:4      | Gained mutation: You have a pair of small horns on your
                  | head. [potion of mutation]
  2755 | D:4      | HP: 1/72 [burnt (5)]
  2756 | D:4      | Incinerated by a bombardier beetle

Illustrated notes

Levels and vault maps discovered:
D:1:      shiori_arrival_whats_in_store_for_you, layout_loops_ring,
          ebering_dispersal_statue_hall
D:2:      minmay_chambers_of_ones, layout_rooms, basic_altar
D:3:      layout_basic, nicolae_ecumenical_snake_handling
D:4:      layout_cave_pools, nicolae_tso_besieged_by_evil, fedhas_altar_2,
          minmay_temple_entry_antechambers, gammafunk_ghost_cemetery,
          minmay_misc_feat_five

Skill      XL: |  1  2  3  4  5 |
---------------+----------------+-----
Dodging        | 1 2 |  2.1
Armour         | 2 |  2.6
Evocations     | 1 |  1.8
Stealth        | 1 |  1.3
Polearms       | 1 |  1.2
Spellcasting   | 1 |  1.0
Fighting       | |  3.8
Axes           | |  3.8

Action                     |  1- 3 |  4- 6 || total
---------------------------+-------+-------++-------
  Melee: Hand axe          |    91 |    84 ||   175
         Dagger            |    80 |    66 ||   146
         Spear             |       |    14 ||    14
  Evoke: Wand              |       |     5 ||     5
    Use: Potion            |       |     7 ||     7
         Scroll            |       |     1 ||     1
   Stab: Sleeping          |       |     3 ||     3
 Armour: Leather armour    |    54 |    53 ||   107
         Skin              |       |     5 ||     5
  Dodge: Dodged            |    65 |    50 ||   115

Table legend: (Time is in decaauts)
 A = Elapsed time spent in this place.
 B = Non-inter-level travel time spent in this place.
 C = Inter-level travel time spent in this place.
 D = Time resting spent in this place.
 E = Time spent auto-exploring this place.
 F = Levels seen in this place.
 G = Mean time per level.
                   A        B        C        D        E       F      G
               +--------+--------+--------+--------+--------+-----+--------+
         Total |   2766 |   2508 |    258 |     99 |   1903 |   4 |  691.5 |
       Dungeon |   2766 |   2508 |    258 |     99 |   1903 |   4 |  691.5 |
               +--------+--------+--------+--------+--------+-----+--------+

Top non-repeatable levels by time:
     D:3: 1286 daAuts
     D:1: 809 daAuts
     D:2: 625 daAuts
     D:4: 45 daAuts
